[Event "Wed Night Engine Tour 13 Rd Swiss 3m+1s Starts at 2200hrs ST"]
[Site "Infinity Chess"]
[Date "2018.1.31"]
[Round "5"]
[White "MCDermont"]
[Black "KULLANI"]
[Result "1/2-1/2"]
[ECO "C53"]
[WhiteElo "2558"]
[BlackElo "2471"]
[WhiteEngine "BrainFish 060118_CTG"]
[BlackEngine "BrainFish_180124_x64_CTG"]
[EventType "Swiss"]
[WhiteTeam ""]
[BlackTeam ""]
[PlyCount "126"]
[TimeControl "180+1"]

1. e4 e5 2. Nf3 Nc6 3. Bc4 Bc5 4. c3 Nf6 5. d3 d6 6. Bb3 a6 7. Nbd2 O-O 
8. O-O Re8 9. Re1 h6 10. h3 Ba7 11. a4 a5 12. Bc4 Be6 13. Bb5 Nd7 14. Nf1 f5 
15. exf5 Bxf5 16. Be3 Bg6 17. d4 exd4 18. Nxd4 Bxd4 19. cxd4 Kh7 20. Bxc6 bxc6 
21. Qc1 c5 22. dxc5 Nxc5 23. Bxc5 Rxe1 24. Qxe1 dxc5 25. Rc1 Qd4 26. Ne3 Qxb2 
27. Rxc5 Qb4 28. Qc3 Qxc3 29. Rxc3 Be8 30. Rc5 Ra6 31. Rc4 Rc6 32. Re4 Bd7 
33. f3 Re6 34. Rd4 Rxe3 35. Rxd7 Ra3 36. Rd4 c5 37. Rc4 Kg6 38. h4 Kf6 
39. h5 Ke6 40. Rxc5 Rxa4 41. Kh2 Ra1 42. Rc7 Kf6 43. Kg3 Rd1 44. Rc6+ Kf7 
45. Kf4 Rd5 46. Rc7+ Kf6 47. Rc6+ Ke7 48. g4 Rd6 49. Rc4 Kd7 50. Ke5 Ra6 
51. Rd4+ Kc7 52. Rc4+ Kb6 53. Kd5 a4 54. Rc6+ Ka5 55. Rxa6+ Kxa6 56. Kc4 Kb7 
57. Kb4 Kc6 58. f4 Kd5 59. Kxa4 Ke4 60. g5 Kxf4 61. gxh6 gxh6 62. Kb3 Kg4 
63. Kc3 Kg3 1/2-1/2

[Event "Wed Night Engine Tour 13 Rd Swiss 3m+1s Starts at 2200hrs ST"]
[Site "Infinity Chess"]
[Date "2018.1.31"]
[Round "5"]
[White "Ryzen"]
[Black "BraveDevil"]
[Result "1-0"]
[ECO "D37"]
[WhiteElo "2467"]
[BlackElo "2455"]
[WhiteEngine "Houdini 6"]
[BlackEngine "Cryptic Heroes V4.2"]
[EventType "Swiss"]
[WhiteTeam ""]
[BlackTeam ""]
[PlyCount "145"]
[TimeControl "180+1"]

1. d4 d5 2. c4 e6 3. Nc3 Nf6 4. Nf3 Be7 5. Bf4 O-O 6. e3 Nbd7 7. Be2 dxc4 
8. O-O Nd5 9. Bxc4 Nxf4 10. exf4 c5 11. dxc5 Bxc5 12. Qe2 Qc7 13. g3 Nf6 
14. Rac1 Bd7 15. Bd3 Bc6 16. Ne5 Rad8 17. Nxc6 bxc6 18. Ne4 Be7 19. Ng5 Rd6 
20. Nf3 g6 21. a3 Nd5 22. Be4 Bf6 23. Rfd1 Rfd8 24. Rd2 c5 25. Kg2 Ne7 
26. Rdc2 Qb8 27. h4 Rb6 28. Rb1 Rc8 29. h5 Nf5 30. Bxf5 exf5 31. h6 Re6 
32. Qc4 Qb6 33. Ng5 Qb7+ 34. Kh2 Ree8 35. Rd2 Qe7 36. Re1 Qf8 37. Rxe8 Rxe8 
38. Kg2 Rd8 39. Rxd8 Bxd8 40. Qa6 Qxh6 41. Nf3 Qg7 42. Qxa7 Qxb2 43. Ne5 Qa2 
44. Qa8 Qd2 45. Qb7 Qa2 46. Qc6 Qe6 47. Qa8 Qe7 48. a4 g5 49. a5 Kg7 50. a6 gxf4 
51. gxf4 Bb6 52. Kg3 Qa7 53. Qc8 c4 54. Nd7 Bxf2+ 55. Kg2 Bc5 56. Nxc5 Qb6 
57. Qxf5 h6 58. Qe5+ Kg8 59. Qe8+ Kg7 60. Nd7 Qxa6 61. Qf8+ Kg6 62. Qg8+ Kf5 
63. Qxf7+ Ke4 64. Nc5+ Ke3 65. Nxa6 Kd3 66. Qd5+ Kc3 67. Qa5+ Kb3 68. Qb4+ Kc2 
69. Qxc4+ Kb2 70. Nb4 h5 71. Nd3+ Ka1 72. Qc3+ Kb1 73. Qb2# 1-0

[Event "Wed Night Engine Tour 13 Rd Swiss 3m+1s Starts at 2200hrs ST"]
[Site "Infinity Chess"]
[Date "2018.1.31"]
[Round "5"]
[White "Victorious"]
[Black "MGR"]
[Result "1/2-1/2"]
[ECO "D31"]
[WhiteElo "2552"]
[BlackElo "2577"]
[WhiteEngine "Houdini 6"]
[BlackEngine "asmFishW_2017-08-25_bmi2"]
[EventType "Swiss"]
[WhiteTeam ""]
[BlackTeam ""]
[PlyCount "85"]
[TimeControl "180+1"]

1. d4 d5 2. c4 e6 3. Nc3 c6 4. Bf4 dxc4 5. a4 Qb6 6. Qd2 Qa5 7. Nf3 Nf6 
8. Qc1 c5 9. e3 cxd4 10. exd4 Bb4 11. Bxc4 O-O 12. O-O Nc6 13. Rd1 Nd5 
14. Ne5 Bxc3 15. bxc3 Nxf4 16. Qxf4 Qxc3 17. a5 Nxe5 18. dxe5 Rb8 19. Bf1 b5 
20. a6 b4 21. Rdc1 Qb2 22. Qe3 Rb6 23. Bc4 b3 24. h3 h6 25. Rcb1 Qc2 
26. Bxb3 Qc7 27. Rc1 Rc6 28. Rxc6 Qxc6 29. Bd1 Bxa6 30. Bf3 Qc4 31. Qxa7 Bb5 
32. Qe3 Rc8 33. Kh2 Qd3 34. Qxd3 Bxd3 35. Ra3 Bf5 36. g4 Bc2 37. Ra8 Rxa8 
38. Bxa8 f6 39. exf6 gxf6 40. Kg3 Kf7 41. Kf4 e5+ 42. Ke3 Kg6 43. Be4+ 1/2-1/2

[Event "Wed Night Engine Tour 13 Rd Swiss 3m+1s Starts at 2200hrs ST"]
[Site "Infinity Chess"]
[Date "2018.1.31"]
[Round "4"]
[White "koalachess"]
[Black "MiKachomiKa QueeN"]
[Result "1/2-1/2"]
[ECO "C53"]
[WhiteElo "2289"]
[BlackElo "2452"]
[WhiteEngine "asmFishW_2017-11-19_popcnt_CTG"]
[BlackEngine "Raubfisch X37b4_CTG"]
[EventType "Swiss"]
[WhiteTeam ""]
[BlackTeam ""]
[PlyCount "129"]
[TimeControl "180+1"]

1. e4 e5 2. Nf3 Nc6 3. Bc4 Bc5 4. c3 Nf6 5. d4 exd4 6. cxd4 Bb4+ 7. Bd2 Bxd2+ 
8. Nbxd2 d5 9. exd5 Nxd5 10. O-O O-O 11. Rc1 Nb6 12. Bb3 a5 13. a4 Nd5 
14. Re1 Be6 15. Ne4 Bg4 16. Rc5 Bxf3 17. Qxf3 Nxd4 18. Qg3 Nb4 19. Rg5 Kh8 
20. Rh5 g6 21. Rh3 Nxb3 22. Qxb3 f6 23. Nc5 Re8 24. Rf1 Qe7 25. Nxb7 Reb8 
26. Nc5 Na6 27. Qe6 Qxe6 28. Nxe6 Rxb2 29. f4 Re8 30. f5 gxf5 31. Nf4 Nb4 
32. Rh5 Kg7 33. h3 Nc2 34. Rc1 Ra2 35. Rxf5 Re5 36. Rxe5 fxe5 37. Nd5 Rb2 
38. Nxc7 Kg6 39. Nd5 Kf7 40. Rf1+ Ke6 41. Nc7+ Kd6 42. Nb5+ Ke6 43. Nc7+ Kd6 
44. Nb5+ Kd5 45. Rf7 h6 46. Rb7 Nb4 47. h4 Nd3 48. Rd7+ Kc4 49. Nd6+ Kb4 
50. Nf7 e4 51. Rd4+ Kc3 52. Rxe4 Rb4 53. Re6 Rxh4 54. Nxh6 Rxa4 55. g4 Nf4 
56. Rf6 Re4 57. g5 a4 58. g6 Nh5 59. Rf5 Rh4 60. Ra5 Nf6 61. Ra6 Rxh6 
62. Rxf6 Rh8 63. g7 Rg8 64. Rf7 a3 65. Rc7+ 1/2-1/2

[Event "Wed Night Engine Tour 13 Rd Swiss 3m+1s Starts at 2200hrs ST"]
[Site "Infinity Chess"]
[Date "2018.1.31"]
[Round "4"]
[White "incredible"]
[Black "Dovahkiin"]
[Result "1/2-1/2"]
[ECO "D30"]
[WhiteElo "2504"]
[BlackElo "2474"]
[WhiteEngine "stockfish_18013111_x64_bmi2"]
[BlackEngine "BrainFish_180128_x64_modern_CTG"]
[EventType "Swiss"]
[WhiteTeam ""]
[BlackTeam ""]
[PlyCount "101"]
[TimeControl "180+1"]

1. d4 d5 2. c4 e6 3. Nf3 Nf6 4. Nc3 c6 5. Bg5 h6 6. Bxf6 Qxf6 7. e3 Nd7 
8. Bd3 dxc4 9. Bxc4 g6 10. O-O Bg7 11. e4 e5 12. d5 Nb6 13. Nd2 O-O 14. Bb3 h5 
15. Qe2 Bh6 16. Rad1 Bg4 17. f3 Bd7 18. Qf2 Qe7 19. Nc4 Nxc4 20. Bxc4 Rfd8 
21. Bb3 h4 22. Rd3 b6 23. g3 Qg5 24. f4 exf4 25. Qxf4 Qxf4 26. gxf4 cxd5 
27. Bxd5 Bg4 28. h3 Bh5 29. e5 Rac8 30. Rf2 Kf8 31. Kg2 g5 32. f5 Rc5 33. Rd4 g4 
34. Rf1 Be3 35. Rd3 Rxc3 36. Rxc3 Bd4 37. Rd3 Bxe5 38. Bc4 Rc8 39. hxg4 Bxg4 
40. Re3 h3+ 41. Kh1 f6 42. Re4 Bh5 43. Rh4 Be8 44. Rh8+ Kg7 45. Rxh3 Rxc4 
46. Rg1+ Kf8 47. Rh8+ Kf7 48. Rh7+ Kf8 49. Rh8+ Kf7 50. Rh7+ Kf8 51. Rh8+ 
1/2-1/2

[Event "Wed Night Engine Tour 13 Rd Swiss 3m+1s Starts at 2200hrs ST"]
[Site "Infinity Chess"]
[Date "2018.1.31"]
[Round "4"]
[White "Cepri"]
[Black "star99"]
[Result "1/2-1/2"]
[ECO "B49"]
[WhiteElo "2462"]
[BlackElo "2475"]
[WhiteEngine "asmFishW_07N17_CTG"]
[BlackEngine "Cryptic Heroes V4.2"]
[EventType "Swiss"]
[WhiteTeam ""]
[BlackTeam ""]
[PlyCount "55"]
[TimeControl "180+1"]

1. e4 c5 2. Nf3 Nc6 3. d4 cxd4 4. Nxd4 e6 5. Nc3 Qc7 6. Be3 a6 7. Be2 Nf6 
8. O-O Be7 9. f4 d6 10. Qe1 O-O 11. Kh1 d5 12. e5 Nd7 13. Qg3 Bc5 14. Nb3 b6 
15. Nxc5 bxc5 16. Na4 Nd4 17. Bxd4 cxd4 18. Bd3 Bb7 19. Qh4 h6 20. Rf3 Bc6 
21. Rg3 Kh8 22. Qg5 hxg5 23. Rh3+ Kg8 24. Bh7+ Kh8 25. Be4+ Kg8 26. Bh7+ Kh8 
27. Be4+ Kg8 28. Bh7+ 1/2-1/2

[Event "Wed Night Engine Tour 13 Rd Swiss 3m+1s Starts at 2200hrs ST"]
[Site "Infinity Chess"]
[Date "2018.1.31"]
[Round "4"]
[White "Ryzen"]
[Black "KULLANI"]
[Result "1/2-1/2"]
[ECO "C77"]
[WhiteElo "2467"]
[BlackElo "2471"]
[WhiteEngine "Houdini 6"]
[BlackEngine "BrainFish_180124_x64_CTG"]
[EventType "Swiss"]
[WhiteTeam ""]
[BlackTeam ""]
[PlyCount "117"]
[TimeControl "180+1"]

1. e4 e5 2. Nf3 Nc6 3. Bb5 a6 4. Ba4 Nf6 5. d3 Bc5 6. c3 O-O 7. Bxc6 bxc6 
8. Nxe5 d5 9. d4 Bb6 10. Nxc6 Qe8 11. Ne5 Nd7 12. O-O Nxe5 13. dxe5 dxe4 
14. Bf4 f5 15. Na3 Be6 16. Qe2 h6 17. Rfe1 a5 18. Be3 Bxe3 19. Qxe3 a4 
20. Qc5 Rb8 21. b4 axb3 22. axb3 Rxb3 23. Nc2 Rb5 24. Qxc7 Rf7 25. Qd6 Rd5 
26. Qb4 Rxe5 27. Ra5 Bc8 28. Ne3 Rxa5 29. Qxa5 Qe6 30. c4 Bb7 31. Nd5 Qd6 
32. Rd1 f4 33. h3 Kh7 34. Qd2 Bxd5 35. Qxd5 Qg6 36. Qd4 f3 37. g3 Re7 
38. Kh2 Qf7 39. Re1 Qe6 40. c5 Qa2 41. Qe3 Qd5 42. Rc1 Re6 43. h4 Rf6 
44. Re1 Re6 45. Qc1 Rc6 46. Qb1 Re6 47. Qc2 Qc6 48. Re3 Re5 49. Qb1 Qg6 
50. c6 Qxc6 51. Rxf3 Rb5 52. Rb3 Rxb3 53. Qxb3 Qc5 54. Kg2 Qf5 55. Qd1 Qe5 
56. Qe1 Qf5 57. Qe3 Qe6 58. Kh2 Qg4 59. Qd2 1/2-1/2

[Event "Wed Night Engine Tour 13 Rd Swiss 3m+1s Starts at 2200hrs ST"]
[Site "Infinity Chess"]
[Date "2018.1.31"]
[Round "4"]
[White "Victorious"]
[Black "RonWeasley"]
[Result "1-0 "]
[ECO "C02"]
[WhiteElo "2536"]
[BlackElo "2532"]
[WhiteEngine "Houdini 6"]
[BlackEngine "BrainFish 060118_CTG"]
[EventType "Swiss"]
[WhiteTeam ""]
[BlackTeam ""]
[PlyCount "246"]
[TimeControl "180+1"]

1. e4 e6 2. d4 d5 3. e5 c5 4. c3 Nc6 5. Nf3 Qb6 6. a3 c4 7. Nbd2 Na5 8. Be2 Bd7 
9. O-O Ne7 10. Rb1 h6 11. Re1 Nf5 12. Qc2 Be7 13. g3 Qc7 14. Bd1 b5 15. g4 Nh4 
16. Nxh4 Bxh4 17. Rf1 Be7 18. f4 g6 19. Kh1 O-O-O 20. Nf3 Kb7 21. Qg2 Rb8 
22. Be3 a6 23. Bc2 Rbg8 24. Nd2 h5 25. g5 Ka7 26. Qf2 Rb8 27. Nf3 Rhc8 
28. h3 Qd8 29. Nd2 Qe8 30. Qf3 Nc6 31. Qe2 Bd8 32. b4 Ne7 33. Ra1 Kb7 
34. Rfb1 Ra8 35. Nf1 Bb6 36. Kh2 Kc7 37. Bd1 Kd8 38. Qa2 a5 39. Qb2 Rcb8 
40. Ng3 Bc6 41. Qe2 Qh8 42. Bc2 Ke8 43. h4 Kf8 44. Bc1 Kg7 45. Bb2 Ra7 
46. Re1 Qc8 47. Rf1 Qd7 48. Rae1 Rba8 49. Kg2 Rh8 50. Rf3 Qd8 51. Bb1 Bd7 
52. Rff1 Qc8 53. Qf2 Qb7 54. Kg1 Rb8 55. Qc2 Rh8 56. Kg2 Bd8 57. Kh2 Nc8 
58. Rg1 Nb6 59. Nf1 Qa8 60. Bc1 Be7 61. Ng3 Bd8 62. Qf2 Qc6 63. Rgf1 Be7 
64. Kg1 Qc8 65. Bc2 Qc6 66. Bd1 Bd8 67. Bf3 Be7 68. Re2 Qc7 69. Bxh5 Na4 
70. Qf3 Qc8 71. Rh2 Rxh5 72. Nxh5+ gxh5 73. Qxh5 Qh8 74. Qf3 Nxc3 75. Qxc3 axb4 
76. axb4 Qh5 77. Bd2 Ra4 78. Qf3 Kg6 79. Qg3 Ra2 80. Bc3 Ra3 81. Rb2 Bd8 
82. Kg2 Be7 83. Kh3 Bd8 84. Re1 Qh7 85. Re3 Ra1 86. Qg2 Kg7 87. Ra2 Rc1 
88. Kg3 Qf5 89. Ra1 Rxa1 90. Bxa1 Be7 91. Bc3 Qb1 92. Qd2 Qg1+ 93. Kf3 Qh1+ 
94. Kg4 Qg1+ 95. Rg3 Qb1 96. Rg2 Be8 97. Qc2 Qh1 98. Re2 Qg1+ 99. Kh3 Qh1+ 
100. Kg3 Qg1+ 101. Rg2 Qh1 102. Qd2 Qb1 103. h5 Bd8 104. Qc2 Qf1 105. Qf2 Qb1 
106. Qe3 Kg8 107. Rb2 Qd1 108. Ra2 Be7 109. h6 Qb1 110. Ra8 Kf8 111. Kh2 Qh7 
112. Kg1 Qf5 113. Qg3 Qg6 114. Qh4 Qe4 115. Be1 Qh7 116. Rc8 c3 117. Bxc3 Bf6 
118. exf6 Qd3 119. Be1 Qh7 120. Ra8 Qd3 121. h7 Qe3+ 122. Bf2 Qc1+ 123. Kg2 Qf1+ 
1-0

[Event "Wed Night Engine Tour 13 Rd Swiss 3m+1s Starts at 2200hrs ST"]
[Site "Infinity Chess"]
[Date "2018.1.31"]
[Round "4"]
[White "BraveDevil"]
[Black "MCDermont"]
[Result "1/2-1/2"]
[ECO "E10"]
[WhiteElo "2451"]
[BlackElo "2562"]
[WhiteEngine "Cryptic Heroes V4.2"]
[BlackEngine "BrainFish 060118_CTG"]
[EventType "Swiss"]
[WhiteTeam ""]
[BlackTeam ""]
[PlyCount "137"]
[TimeControl "180+1"]

1. d4 Nf6 2. c4 e6 3. Nf3 d5 4. e3 c6 5. b3 c5 6. Bb2 cxd4 7. exd4 Bb4+ 
8. Nbd2 b6 9. a3 Be7 10. Bd3 Bb7 11. O-O O-O 12. Re1 h6 13. b4 dxc4 
14. Nxc4 Nbd7 15. Qe2 Rc8 16. Rac1 Rc7 17. Nce5 Nxe5 18. dxe5 Nd5 19. Rxc7 Nxc7 
20. Bb1 a5 21. bxa5 bxa5 22. Bc1 Qd7 23. Qc2 g6 24. Bxh6 Rb8 25. Qe2 Qa4 
26. Nd2 Bd5 27. Nf1 Bxa3 28. Bd3 Qh4 29. Bd2 a4 30. Ne3 Rb2 31. g3 Qd8 
32. Bc2 Bc5 33. Qd3 Bxe3 34. Rxe3 a3 35. Bc1 Ra2 36. Bxa3 Qa8 37. Bb1 Ra1 
38. Bb2 Bh1 39. Kf1 Qg2+ 40. Ke2 Ra8 41. Qc4 Nd5 42. Rb3 Qg1 43. Qc1 Qxh2 
44. Qg5 Bg2 45. Bxg6 fxg6 46. Qxg6+ Kh8 47. Qxe6 Qh5+ 48. g4 Nf4+ 49. Ke3 Nxe6 
50. gxh5 Rf8 51. Rb6 Bh3 52. Ba3 Rf7 53. f3 Kh7 54. Kf2 Rg7 55. Bc1 Rg2+ 
56. Ke3 Kh6 57. Rb7 Rh2 58. Ke4+ Kxh5 59. Rh7+ Kg6 60. Rh6+ Kf7 61. Be3 Ke7 
62. Rh7+ Kf8 63. Kd5 Kg8 64. Rxh3 Nc7+ 65. Kc6 Rxh3 66. Kxc7 Rxf3 67. Bc5 Kf7 
68. Kd7 Kg8 69. e6 1/2-1/2

[Event "Wed Night Engine Tour 13 Rd Swiss 3m+1s Starts at 2200hrs ST"]
[Site "Infinity Chess"]
[Date "2018.1.31"]
[Round "4"]
[White "MGR"]
[Black "ocirema"]
[Result "1-0"]
[ECO "E10"]
[WhiteElo "2565"]
[BlackElo "2465"]
[WhiteEngine "asmFishW_2017-08-25_bmi2"]
[BlackEngine "stockfish_18013111_x64_modern_CTG"]
[EventType "Swiss"]
[WhiteTeam ""]
[BlackTeam ""]
[PlyCount "203"]
[TimeControl "180+1"]

1. d4 Nf6 2. c4 e6 3. Nf3 d5 4. Nc3 c6 5. e3 Nbd7 6. Qc2 Bd6 7. Bd3 O-O 
8. O-O dxc4 9. Bxc4 a6 10. Rd1 b5 11. Bd3 Bb7 12. Ng5 h6 13. Nge4 Bc7 14. a3 Qe7 
15. b4 a5 16. Rb1 axb4 17. axb4 Rfd8 18. f4 Nd5 19. Nc5 Bc8 20. Rf1 Nxc5 
21. dxc5 Ra6 22. Nxd5 exd5 23. Rf3 f6 24. Bb2 Be6 25. Re1 Ra7 26. Qc1 Bf7 
27. Bb1 Re8 28. Bc3 Raa8 29. Qc2 Qe4 30. Qd2 Qe6 31. Qc2 Qe4 32. Qb2 Qe6 
33. g4 d4 34. Bxd4 Ra4 35. Bc3 Qb3 36. Qxb3 Bxb3 37. Bg6 Re7 38. e4 Ra2 
39. Bf5 Be6 40. h4 Ra8 41. Bxe6+ Rxe6 42. e5 fxe5 43. fxe5 Ra3 44. Kf2 Re8 
45. Ree3 Bd8 46. Kg3 Bc7 47. Kg2 Bd8 48. Kh3 Rf8 49. Kg3 Rxf3+ 50. Rxf3 Ra2 
51. Rd3 Be7 52. h5 Bg5 53. Kf3 Kf7 54. Rd7+ Ke8 55. Rd6 Ra3 56. Rd3 Ke7 
57. Ke4 Rb3 58. Kf5 Bh4 59. e6 Ke8 60. Ke4 Be7 61. Bxg7 Rxb4+ 62. Kf5 Bg5 
63. Rd7 Rc4 64. Kg6 Rf4 65. Be5 Rxg4 66. Bf6 Bxf6+ 67. Kxf6 b4 68. Rh7 Rf4+ 
69. Ke5 Rf2 70. Rxh6 b3 71. Rh7 Rh2 72. h6 Kd8 73. Kd6 Rd2+ 74. Kxc6 Rh2 
75. Rb7 Rxh6 76. Rxb3 Kc8 77. Kd6 Rh2 78. Rd3 Kd8 79. e7+ Ke8 80. c6 Rh6+ 
81. Kc7 Rh1 82. Rb3 Rc1 83. Kb7 Kxe7 84. c7 Kd7 85. c8=Q+ Rxc8 86. Rd3+ Ke6 
87. Kxc8 Ke5 88. Kd7 Ke4 89. Rd1 Kf5 90. Rd5+ Kf4 91. Kd6 Ke4 92. Ke6 Kf4 
93. Re5 Kg4 94. Rf5 Kh4 95. Kf6 Kg4 96. Kg6 Kh4 97. Rg5 Kh3 98. Kh5 Kh2 
99. Kh4 Kh1 100. Kg3 Kg1 101. Rf5 Kh1 102. Rf1# 1-0

[Event "Wed Night Engine Tour 13 Rd Swiss 3m+1s Starts at 2200hrs ST"]
[Site "Infinity Chess"]
[Date "2018.1.31"]
[Round "3"]
[White "koalachess"]
[Black "Dovahkiin"]
[Result "1/2-1/2 "]
[ECO "C53"]
[WhiteElo "2281"]
[BlackElo "2482"]
[WhiteEngine "asmFishW_2017-11-19_popcnt_CTG"]
[BlackEngine "BrainFish_180128_x64_modern_CTG"]
[EventType "Swiss"]
[WhiteTeam ""]
[BlackTeam ""]
[PlyCount "191"]
[TimeControl "180+1"]

1. e4 e5 2. Nf3 Nc6 3. Bc4 Bc5 4. c3 Nf6 5. d4 exd4 6. cxd4 Bb4+ 7. Bd2 Bxd2+ 
8. Nbxd2 d5 9. exd5 Nxd5 10. O-O O-O 11. Rc1 Nb6 12. Bb3 a5 13. a4 Nd5 
14. Re1 Be6 15. Ne4 Bg4 16. Rc5 Bxf3 17. Qxf3 Nxd4 18. Qg3 Nb4 19. Rg5 Kh8 
20. Rh5 g6 21. Rh3 Nxb3 22. Qxb3 f6 23. Nc5 Re8 24. Rf1 Qe7 25. Nxb7 Reb8 
26. Nc5 Na6 27. Qe6 Qxe6 28. Nxe6 Rxb2 29. Rc3 Re8 30. Nxc7 Rc8 31. Nb5 Rxc3 
32. Nxc3 Nc5 33. h3 Kg7 34. Rc1 Nd3 35. Rd1 Nxf2 36. Rd7+ Kh6 37. Ra7 Nd3 
38. Nd5 f5 39. Rxa5 Kg5 40. Rb5 Ra2 41. Nb4 Ra1+ 42. Kh2 Nf2 43. a5 Rh1+ 
44. Kg3 Ne4+ 45. Kf3 Ra1 46. Rb7 Ra3+ 47. Ke2 Ng3+ 48. Kd2 Rxa5 49. Rxh7 Re5 
50. h4+ Kf6 51. Kd1 Re4 52. Nd3 Nh5 53. Ra7 Rxh4 54. Ra6+ Kg7 55. Ke2 Nf6 
56. Nc5 Rg4 57. Kf3 g5 58. Ne6+ Kf7 59. Kf2 Kg6 60. Nc7 Kg7 61. Ra5 Rf4+ 
62. Kg1 Kf7 63. Nd5 Re4 64. Nxf6 Kxf6 65. g3 Re1+ 66. Kf2 Re5 67. Ra8 Kg6 
68. Kf3 Kf7 69. Ra7+ Kg6 70. Ra8 Kf6 71. Ra4 Re6 72. Ra2 Kg7 73. Kg2 Kf6 
74. Ra7 Rc6 75. Ra8 Kg6 76. Ra5 Rb6 77. Kg1 Rb2 78. Kf1 Rc2 79. Kg1 Rc4 
80. Kf1 Rc2 81. Kg1 Re2 82. Rb5 Re1+ 83. Kg2 Re4 84. Kf1 Rc4 85. Rd5 Re4 
86. Kf2 Ra4 87. Rc5 Rb4 88. Kg1 Rd4 89. Kf2 Rd6 90. Kf3 Ra6 91. Kf2 Rd6 
92. Kf1 Rd4 93. Kg1 Re4 94. Kg2 Re2+ 95. Kf1 Re4 96. Kf2 1/2-1/2

[Event "Wed Night Engine Tour 13 Rd Swiss 3m+1s Starts at 2200hrs ST"]
[Site "Infinity Chess"]
[Date "2018.1.31"]
[Round "3"]
[White "MiKachomiKa QueeN"]
[Black "Cepri"]
[Result "1/2-1/2"]
[ECO "C55"]
[WhiteElo "2452"]
[BlackElo "2462"]
[WhiteEngine "Raubfisch X37b4_CTG"]
[BlackEngine "asmFishW_07N17_CTG"]
[EventType "Swiss"]
[WhiteTeam ""]
[BlackTeam ""]
[PlyCount "114"]
[TimeControl "180+1"]

1. e4 e5 2. Nf3 Nc6 3. Bc4 Nf6 4. d3 Bc5 5. c3 d6 6. O-O a5 7. Bg5 Ba7 
8. Nbd2 h6 9. Bh4 Qe7 10. Re1 g5 11. Bg3 g4 12. Nh4 Nh5 13. Nf5 Bxf5 
14. exf5 Qg5 15. Ne4 Qxf5 16. Bh4 Qg6 17. Kh1 f5 18. Nd2 Kf8 19. Qa4 Kg7 
20. d4 Rhe8 21. Ba6 Rab8 22. Bxb7 Nxd4 23. cxd4 Rxb7 24. Qc6 Rxb2 25. Qxc7+ Kg8 
26. Qxa7 Rxd2 27. dxe5 Rxe5 28. Qb8+ Kh7 29. Rxe5 dxe5 30. Qxe5 a4 31. a3 Rd6 
32. Re1 Ng7 33. f3 gxf3 34. gxf3 Rd7 35. Be7 Qc6 36. Qf4 Qd5 37. Bf8 Rf7 
38. Bxg7 Rxg7 39. Qe3 Qb3 40. Qxb3 axb3 41. Rb1 Rb7 42. a4 Kg6 43. a5 Kg5 
44. Kg2 Kf4 45. a6 Rg7+ 46. Kf2 Rc7 47. Rxb3 Rc2+ 48. Ke1 Ra2 49. Rb6 h5 
50. h3 Kxf3 51. h4 Kg4 52. Rh6 Kxh4 53. Rg6 f4 54. a7 Rxa7 55. Kf2 Ra3 
56. Rg8 Rb3 57. Rf8 Kg4 1/2-1/2

[Event "Wed Night Engine Tour 13 Rd Swiss 3m+1s Starts at 2200hrs ST"]
[Site "Infinity Chess"]
[Date "2018.1.31"]
[Round "3"]
[White "KULLANI"]
[Black "incredible"]
[Result "1/2-1/2"]
[ECO "C50"]
[WhiteElo "2470"]
[BlackElo "2505"]
[WhiteEngine "BrainFish_180124_x64_CTG"]
[BlackEngine "stockfish_18013111_x64_bmi2"]
[EventType "Swiss"]
[WhiteTeam ""]
[BlackTeam ""]
[PlyCount "126"]
[TimeControl "180+1"]

1. e4 e5 2. Nf3 Nc6 3. Bc4 Bc5 4. d3 d6 5. O-O Nf6 6. c3 O-O 7. Bg5 a5 8. a4 Kh8 
9. Bh4 h6 10. Na3 Be6 11. Nd2 g5 12. Bxe6 fxe6 13. Bg3 Bxa3 14. Rxa3 Qe8 
15. Ra1 b6 16. Rc1 Rc8 17. Nc4 Nh5 18. Ne3 Nf4 19. f3 Qe7 20. Bf2 Kg7 21. g3 Ng6 
22. d4 Qf7 23. Kg2 Nge7 24. Nc2 exd4 25. cxd4 d5 26. h3 Qg6 27. Qe2 h5 
28. Ne1 Nb4 29. Kh2 g4 30. Rc3 gxh3 31. g4 dxe4 32. Rg1 h4 33. Bxh4 exf3 
34. Rxf3 Rxf3 35. Nxf3 Ned5 36. Ng5 Re8 37. Rf1 Qc2 38. Rf7+ Kg6 39. Rf2 Qxe2 
40. Rxe2 Nf4 41. Re4 Nbd3 42. Nf3 Kg7 43. Ne1 Nxe1 44. Bxe1 Nd5 45. Kxh3 Rh8+ 
46. Kg3 Kf7 47. Re2 Rh1 48. Kg2 Rh8 49. Bg3 Rb8 50. Be5 b5 51. axb5 Rxb5 
52. Kg3 Kg6 53. Kh4 Rb3 54. Rf2 Rb4 55. Re2 a4 56. Rf2 Rb3 57. Re2 Re3 
58. Rc2 Rb3 59. Rc6 Rb6 60. Rc4 Rb4 61. Rc6 Rb6 62. Rc4 Rb4 63. Rc6 Rb6 1/2-1/2

[Event "Wed Night Engine Tour 13 Rd Swiss 3m+1s Starts at 2200hrs ST"]
[Site "Infinity Chess"]
[Date "2018.1.31"]
[Round "3"]
[White "star99"]
[Black "Victorious"]
[Result "1/2-1/2"]
[ECO "D02"]
[WhiteElo "2472"]
[BlackElo "2539"]
[WhiteEngine "Cryptic Heroes V4.2"]
[BlackEngine "Houdini 6"]
[EventType "Swiss"]
[WhiteTeam ""]
[BlackTeam ""]
[PlyCount "330"]
[TimeControl "180+1"]

1. d4 d5 2. Nf3 Nf6 3. c4 e6 4. e3 b6 5. b3 Bb7 6. Bb2 Nbd7 7. Nbd2 Bd6 
8. Bd3 O-O 9. O-O Ne4 10. Rc1 Qe7 11. Ne5 Nxd2 12. Qxd2 Nxe5 13. dxe5 Bb4 
14. Qc2 h6 15. cxd5 Bxd5 16. Qxc7 Rfb8 17. Qxe7 Bxe7 18. Rc7 Rb7 19. Rcc1 Rbb8 
20. Bd4 Ba3 21. Rc7 Rc8 22. Rxc8+ Rxc8 23. f3 Bb7 24. Kf2 Kf8 25. Rd1 h5 
26. Rd2 Bb4 27. Rc2 Rxc2+ 28. Bxc2 Ba6 29. f4 Ke7 30. Bb2 Kd7 31. g3 Be7 
32. Bc3 Ba3 33. h3 g6 34. Be4 Bb5 35. Bd4 Bb4 36. g4 hxg4 37. hxg4 Ba3 
38. Bc3 Bc6 39. Bd3 Bh1 40. g5 Kc6 41. Bd2 Kc5 42. Ke2 Bc6 43. Kf2 Bh1 
44. Bc3 Kc6 45. Bd4 Kc7 46. e4 Kc6 47. Be3 a6 48. Bd2 Bc5+ 49. Ke2 b5 50. a4 Bg2 
51. Bc3 Bg1 52. Bd2 Bc5 53. Bc3 Bg1 54. Bb4 Ba7 55. Be1 Bc5 56. Bf2 Be7 
57. Bc2 Bb4 58. Bd3 Be7 59. Be3 Bh1 60. Bd2 Bc5 61. Be3 Be7 62. Bd2 Bc5 
63. Bc3 Bg2 64. Be1 Bh1 65. Bc2 Bg2 66. Bc3 Bb6 67. Bb1 Bc5 68. Bc2 Bb6 
69. Bb1 Bc5 70. axb5+ axb5 71. Bd2 Bh1 72. Bd3 Bg2 73. Bb1 Bh1 74. Be3 Bb4 
75. Kf2 Ba5 76. Ke2 Bb4 77. Bf2 Bc3 78. Ba7 Bg2 79. Bd3 Ba5 80. Ke3 Bb4 
81. Bd4 Be1 82. Bb2 Ba5 83. Kf2 Bh1 84. Ke2 Bb4 85. Ke3 Bc5+ 86. Bd4 Ba3 
87. Kf2 Bb4 88. Ke3 Ba3 89. Bc3 Bc5+ 90. Ke2 Bg2 91. Bd2 Bb6 92. Bb4 Bd4 
93. Be1 Bc5 94. Bc2 Bb6 95. Bd3 Bc5 96. Bd2 Bb6 97. Bc2 Bd4 98. Be3 Bc3 
99. Kf2 Bh1 100. Bd3 Bb4 101. Ba7 Kb7 102. Bd4 Kc6 103. Ke2 Ba5 104. Be3 Bc3 
105. Bc1 Bg2 106. Kf2 Bh1 107. Be3 Bb4 108. Bc2 Bc3 109. Ke2 Bg2 110. Bd2 Bd4 
111. Bb4 Bh1 112. Be1 Bg2 113. Bf2 Bb2 114. Ba7 Bc1 115. Kf2 Bh1 116. Be3 Ba3 
117. Bd2 Bc5+ 118. Kg3 Bg1 119. Bd3 Bd4 120. b4 Kb6 121. Be1 Kc6 122. Bb1 Be3 
123. Bd3 Bd4 124. Bd2 Kb6 125. Bc2 Kb7 126. Kg4 Kc6 127. Bd3 Bg2 128. Kg3 Bh1 
129. Bb1 Kb7 130. Be1 Kc6 131. Bd3 Be3 132. Bc2 Bc1 133. Bc3 Be3 134. Bb1 Bc1 
135. Kg4 Be3 136. Bc2 Bg2 137. Bd3 Bh1 138. Kg3 Bc1 139. Bb1 Be3 140. Bd3 Bc1 
141. Bc2 Be3 142. Be1 Bc1 143. Bd3 Be3 144. Bb1 Bd4 145. Bd2 Kb7 146. Bd3 Kc6 
147. Bc2 Kb7 148. f5 Bxe5+ 149. Kg4 Kc6 150. fxe6 fxe6 151. Bf4 Bc3 152. e5 Bxb4 
153. Bxg6 Bf8 154. Be8+ Kc5 155. Bd7 Bd5 156. Kh5 b4 157. Kg6 b3 158. Bc1 Be7 
159. Kh6 Kc4 160. g6 Bf8+ 161. g7 Bxg7+ 162. Kxg7 Kc3 163. Kf6 Kc2 164. Ba3 b2 
165. Bxb2 Kxb2 1/2-1/2

[Event "Wed Night Engine Tour 13 Rd Swiss 3m+1s Starts at 2200hrs ST"]
[Site "Infinity Chess"]
[Date "2018.1.31"]
[Round "3"]
[White "MCDermont"]
[Black "Ryzen"]
[Result "1/2-1/2"]
[ECO "C53"]
[WhiteElo "2566"]
[BlackElo "2463"]
[WhiteEngine "BrainFish 060118_CTG"]
[BlackEngine "Houdini 6"]
[EventType "Swiss"]
[WhiteTeam ""]
[BlackTeam ""]
[PlyCount "108"]
[TimeControl "180+1"]

1. e4 e5 2. Nf3 Nc6 3. Bc4 Bc5 4. c3 Nf6 5. d3 a5 6. Bg5 h6 7. Bh4 d6 8. O-O Ba7 
9. Na3 O-O 10. Kh1 Qe7 11. Nc2 Be6 12. Bb5 g5 13. Nxg5 hxg5 14. Bxg5 Kg7 
15. Bxc6 bxc6 16. f4 Rh8 17. Nd4 Bxd4 18. cxd4 Qe8 19. dxe5 dxe5 20. f5 Bc8 
21. Rc1 Rh7 22. Rf3 Qd7 23. Qe1 Qd6 24. d4 Kf8 25. h3 Rh5 26. Bh4 Ne8 
27. dxe5 Qxe5 28. Bf2 Nd6 29. Bg3 Qe8 30. Re3 f6 31. Rd1 Qe7 32. Bf4 Bb7 
33. Qg3 Qg7 34. Bxd6+ cxd6 35. Qxg7+ Kxg7 36. Rxd6 Ba6 37. Rxc6 Bb5 38. Rc7+ Kg8 
39. g4 Rh7 40. Rxh7 Kxh7 41. Kg2 Rc8 42. Kg3 Rc2 43. e5 fxe5 44. Rxe5 Rxb2 
45. h4 Bc4 46. Rxa5 Bxa2 47. h5 Bc4 48. g5 Rb7 49. Re5 Bb3 50. Re1 Bc2 
51. f6 Rb3+ 52. Kf2 Rb5 53. g6+ Bxg6 54. hxg6+ Kxg6 1/2-1/2